 Dungeon Crawl Stone Soup version 0.25-a0-447-gff83419037 (webtiles) character file.

Game seed: 10935920490099494463, levelgen mode: deterministic

730 Erk the Cudgeler (level 7, -4/56 HPs)
             Began as a Centaur Gladiator on Jan 31, 2020.
             Was an Initiate of the Shining One.
             Killed from afar by an orc wizard (9 damage)
             ... with a puff of flame
             ... on level 5 of the Dungeon.
             The game lasted 00:12:09 (3065 turns).

Erk the Cudgeler (Centaur Gladiator)                Turns: 3065, Time: 00:12:10

Health: -4/56      AC:  6    Str: 18    XL:     7   Next: 44%
Magic:  0/7        EV:  7    Int:  7    God:    the Shining One [......]
Gold:   224        SH:  7    Dex: 11    Spells: 6/6 levels left

rFire    . . .     SeeInvis .   a - +0 flail (holy)
rCold    + . .     Gourm    .   h - +0 shield
rNeg     . . .     Faith    .   b - +0 leather armour
rPois    .         Spirit   +   c - +0 helmet
rElec    .         Reflect  .   n - scarf {Spirit}
rCorr    .         Harm     .   j - +0 pair of gloves
MR       .....                  (no barding)
Stlth    +.........             (no amulet)
HPRegen  0.18/turn              (no ring)
MPRegen  0.10/turn              y - ring of protection from cold

@: glowing, very quick
A: large, hooves 3, deformed body, speed 2, tough skin 3
a: Renounce Religion


You were on level 5 of the Dungeon.
You worshipped the Shining One.
The Shining One was noncommittal.
You were hungry.

You visited 2 branches of the dungeon, and saw 6 of its levels.

You collected 224 gold pieces.

Inventory:

Hand Weapons
 a - a +0 flail of holy wrath (weapon)
Missiles
 d - 3 throwing nets (quivered)
 p - 4 atropa-tipped darts
 w - 3 poisoned darts
Armour
 b - a +0 leather armour (worn)
 c - a +0 helmet (worn)
 h - a +0 shield (worn)
 j - a +0 pair of gloves (worn)
 n - a scarf of spirit shield (worn)
Jewellery
 y - a ring of protection from cold (right hand)
Wands
 v - a wand of paralysis (6)
Scrolls
 i - a scroll of enchant armour
 o - 2 scrolls of enchant weapon {unknown}
 q - a scroll of fog {unknown}
 x - a scroll of remove curse
Potions
 k - a potion of flight
 l - a potion of invisibility
 m - a potion of haste
 r - a potion of might
 s - a potion of brilliance {unknown}
 t - a potion of berserk rage {unknown}
 u - a potion of mutation {unknown}
 z - a potion of lignification {unknown}
Comestibles
 f - 8 rations


   Skills:
 - Level 2.8 Fighting
 + Level 7.9 Maces & Flails
 - Level 2.1 Throwing
 - Level 2.1 Dodging


You had 6 spell levels left.
You didn't know any spells.
Your spell library contained the following spells:

 Spells                   Type           Power        Failure   Level  Hunger
 Magic Dart               Conj           #...         98%         1    ##.....
 Blink                    Tloc           N/A          99%         2    ###....
 Call Imp                 Summ           #.......     99%         2    ###....
 Slow                     Hex            #.......     99%         2    ###....
 Conjure Flame            Conj/Fire      #.......     100%        3    ####...
 Mephitic Cloud           Conj/Pois/Air  #.......     100%        3    ####...


Dungeon Overview and Level Annotations

Branches:
Dungeon (5/15)             Temple (1/1) D:5

Altars:
Ashenzari
Cheibriados
Dithmenos
Elyvilon
Fedhas
Gozag
Hepliaklqana
Kikubaaqudgha
Makhleb
Nemelex Xobeh
Okawaru
Qazlal
Sif Muna
Trog
Uskayaw
Vehumet
Wu Jian
Xom
Yredelemnul
Zin
The Shining One


Innate Abilities, Weirdness & Mutations

You have hooves in place of feet.
Armour fits poorly on your strangely shaped body.
You cover ground very quickly.
You have extremely tough skin. (AC +3)


Message History

You hear some strange, mumbled words.
A puff of flame appears from out of thin air!
The puff of flame hits you.
* * * LOW HITPOINT WARNING * * *
You miss something. You kick something. Something hits you.
* * * LOW HITPOINT WARNING * * *
A magic dart appears from out of thin air!
The magic dart hits you!
* * * LOW HITPOINT WARNING * * *
A magic dart appears from out of thin air!
The magic dart hits you.
* * * LOW HITPOINT WARNING * * *
A puff of frost appears from out of thin air!
The puff of frost hits you but does no damage.
A magic dart appears from out of thin air!
The magic dart hits you!
* * * LOW HITPOINT WARNING * * *
A puff of flame appears from out of thin air!
The puff of flame hits you!
You die...

...# ...### .....#
.....## #### ### ......#
#..## ###.## #....##
#...###.#..##
##....####.....(.....#
.###.....#..........##
...#>...........@..##
...........#.......#
..........)........#
.............#....####
.....................##
.........#...#........#
......######.#..##....##
....### #...##......#
...## #...##......#


There were no monsters in sight!

Vanquished Creatures
  A phantom (D:5)
  2 ogres (D:4)
  A centaur zombie (D:3)
  2 hounds
  2 orc priests (D:3)
  An orc wizard (D:5)
  Jessica (D:2)
  Natasha (twice) (D:2)
  3 worker ants
  4 adders
  An ooze (D:4)
  An adder skeleton (D:4)
  3 worms
  A dart slug (D:2)
  7 leopard geckos
  5 orcs
  7 bats
  3 giant cockroaches
  7 goblins
  6 hobgoblins
  8 jackals
  3 quokkas
  4 ball pythons
  3 frilled lizards
  9 kobolds
  3 rats
90 creatures vanquished.

Notes
Turn   | Place    | Note
-------+----------+-------------------------------------------
     0 | D:1      | Erk the Centaur Gladiator began the quest for the Orb.
     0 | D:1      | Reached XP level 1. HP: 17/17 MP: 1/1
   543 | D:1      | Reached XP level 2. HP: 25/25 MP: 2/2
   935 | D:2      | Noticed Natasha
   940 | D:2      | Killed Natasha
   940 | D:2      | Reached skill level 3 in Maces & Flails
   940 | D:2      | Reached XP level 3. HP: 30/30 MP: 3/3
  1037 | D:2      | Noticed Natasha
  1045 | D:2      | Killed Natasha
  1045 | D:2      | Reached skill level 4 in Maces & Flails
  1045 | D:2      | Reached XP level 4. HP: 35/37 MP: 4/4
  1265 | D:2      | Noticed Jessica
  1269 | D:2      | Killed Jessica
  1269 | D:2      | Reached skill level 5 in Maces & Flails
  1269 | D:2      | Reached XP level 5. HP: 31/44 MP: 3/5
  1323 | D:2      | Found a burning altar of Makhleb.
  1323 | D:2      | Found a faded altar of an unknown god.
  1328 | D:2      | Found a hazy altar of Hepliaklqana.
  1330 | D:2      | Found an ancient bone altar of Kikubaaqudgha.
  1332 | D:2      | Found a faded altar of an unknown god.
  1816 | D:4      | Noticed an ogre
  1825 | D:4      | Killed an ogre
  1825 | D:4      | Reached skill level 6 in Maces & Flails
  1825 | D:4      | Reached XP level 6. HP: 50/50 MP: 6/6
  2294 | D:4      | Reached skill level 7 in Maces & Flails
  2305 | D:4      | Reached XP level 7. HP: 34/56 MP: 7/7
  2536 | D:5      | Entered Level 5 of the Dungeon
  2652 | D:5      | Found a staircase to the Ecumenical Temple.
  2668 | Temple   | Entered the Ecumenical Temple
  2916 | Temple   | Became a worshipper of the Shining One
  3065 | D:5      | Killed from afar by an orc wizard

Levels and vault maps discovered:
D:1:      minmay_arrival_four_houses, layout_basic, kennysheep_doodads,
          minmay_statues_item
D:2:      layout_basic, chequers_temple_overflow_minitemple, minmay_liquid_box,
          ebering_dispersal_statue_hall, hangedman_decor_points, uniq_jessica,
          uniq_natasha
D:3:      layout_rooms, first_ration, corexii_corridor_pit
D:4:      layout_gridville, mrwooster_statue_mirror
D:5:      layout_cave_pools, minmay_temple_entry_large_hall,
          makhleb_blood_cavern_becter, uniq_duvessa, uniq_crazy_yiuf_cottage
Temple:   dpeg_five_rooms_temple

Skill      XL: |  1  2  3  4  5  6 |
---------------+-------------------+-----
Maces & Flails | 3 4 5 6 7 |  7.9
Fighting       | |  2.8
Throwing       | |  2.1
Dodging        | |  2.1

Action                   |  1- 3 |  4- 6 |  7- 9 || total
-------------------------+-------+-------+-------++-------
Melee: Whip              |    35 |   138 |    20 ||   193
       Flail             |     5 |       |    25 ||    30
       Kick              |     6 |    28 |    14 ||    48
  Use: Scroll            |       |     5 |     4 ||     9
  Eat: Chunk             |       |     3 |     1 ||     4
Armor: Leather armour    |    11 |    40 |    16 ||    67
Dodge: Dodged            |    13 |    41 |     8 ||    62
Block: Shield            |     8 |    39 |    17 ||    64

Table legend:
 A = Non-vault XP
 B = Vault XP
 C = Vault XP percentage of total XP
 D = Non-vault monster count
 E = Vault monster count
 F = Vault count percentage of total count
                 A         B        C        D         E       F
            +---------+---------+-------+---------+---------+-------
      Total |     929 |     115 |  11.0 |      87 |       3 |   3.3
            +---------+---------+-------+---------+---------+-------
        D:1 |      20 |       0 |   0.0 |      12 |       0 |   0.0
        D:2 |     127 |      72 |  36.2 |      32 |       2 |   5.9
        D:3 |     169 |       0 |   0.0 |      22 |       0 |   0.0
        D:4 |     380 |       0 |   0.0 |      14 |       0 |   0.0
        D:5 |     233 |      43 |  15.6 |       7 |       1 |  12.5
            +---------+---------+-------+---------+---------+-------
